 Dungeon Crawl Stone Soup version 0.17.0-15-g6d90897 (webtiles) character file.

1947 HungrySpirit the Ruffian (level 8, -7/59 HPs)
             Began as a Red Draconian Transmuter on Nov 10, 2015.
             Killed from afar by a gargoyle (24 damage)
             ... with a stone arrow
             ... on level 7 of the Dungeon.
             The game lasted 00:16:44 (8175 turns).

HungrySpirit the Ruffian (Red Draconian Transmuter) Turns: 8175, Time: 00:16:44

Health: -7/59      AC: 13    Str: 13    XL:     8   Next: 98%
Magic:  7/15       EV: 12    Int: 15    God:
Gold:   148        SH:  0    Dex: 12    Spells: 5 memorised, 3 levels left

rFire  + . .     SeeInvis .       - Unarmed
rCold  + . .     Clarity  .     (armour unavailable)
rNeg   . . .     SustAt   .     (no shield)
rPois  .         Gourm    .     (helmet restricted)
rElec  .         Spirit   .     (no cloak)
rCorr  +         Warding  .     (no gloves)
rMut   .         Stasis   .     (boots currently unavailable)
MR     .....                    o - amulet of resist corrosion
Stlth  +.........               I - ring of protection from cold
                                l - +2 ring of protection

@: icy armour, about to teleport, appendage, very slightly contaminated, not
resistant to hostile enchantments, very unstealthy
A: breathe fire, unfitting armour, talons 3, fire resistance 1, cold-blooded, AC
+6
a: Breathe Fire, End Transformation


You were on level 7 of the Dungeon.
You were hungry.
You had grown temporary talons.
You visited 1 branch of the dungeon, and saw 7 of its levels.

You collected 422 gold pieces.
You spent 274 gold pieces at shops.

Inventory:

Hand Weapons
 N - a +0 blowgun
Missiles
 a - 34 arrows
 M - 42 poisoned needles
Armour
 d - a +0 cloak
Jewellery
 l - a +2 ring of protection (left hand)
 o - an amulet of resist corrosion (around neck)
 G - an uncursed ring of positive energy
 I - a ring of protection from cold (right hand)
Wands
 i - a wand of flame (19)
 P - a wand of cold (4)
Scrolls
 e - 5 scrolls of identify
 g - 2 scrolls of enchant armour {unknown}
 j - a scroll of random uselessness {unknown}
 k - 3 scrolls of teleportation
 m - 3 scrolls of remove curse
 n - a scroll of blinking {unknown}
 q - a scroll of immolation {unknown}
 s - 2 scrolls of recharging {unknown}
 t - a scroll of amnesia {unknown}
 y - 4 scrolls of magic mapping
 C - 3 scrolls of fear
 D - a scroll of silence
 F - a scroll of fog
 K - 4 scrolls of noise {unknown}
Potions
 f - 3 potions of curing
 p - a potion of flight {unknown}
 u - a potion of degeneration {unknown}
 v - a potion of resistance {unknown}
 w - a potion of haste {unknown}
 z - 2 potions of agility {unknown}
 A - a potion of poison {unknown}
 B - 2 potions of heal wounds {unknown}
 E - 2 potions of mutation {unknown}
 J - a potion of brilliance {unknown}
 L - a potion of berserk rage {unknown}
Books
 b - a book of Changes

   Spells                             Type                      Level
   a - Beastly Appendage              Transmutation                1
   b - Sticks to Snakes               Transmutation                2
   c - Spider Form                    Transmutation/Poison         3
   d - Ice Form                       Ice/Transmutation            4
   e - Blade Hands                    Transmutation                5
 x - a book of Frost

   Spells                             Type                      Level
   a - Freeze                         Ice                          1
   b - Throw Frost                    Conjuration/Ice              2
   c - Ozocubu's Armour               Charms/Ice                   3
   d - Throw Icicle                   Conjuration/Ice              4
   e - Summon Ice Beast               Ice/Summoning                4
   f - Condensation Shield            Ice                          4
Comestibles
 c - 5 bread rations
 h - 4 beef jerkies
 r - 4 meat rations
 H - a royal jelly
 O - 2 chunks of flesh


   Skills:
 - Level 1.1 Fighting
 - Level 1.7 Dodging
 * Level 7.8 Unarmed Combat
 + Level 4.7 Spellcasting
 + Level 2.1 Charms
 * Level 7.6 Transmutations


You had 3 spell levels left.
You knew the following spells:

 Your Spells              Type           Power        Failure   Level  Hunger
a - Beastly Appendage     Trmt           ####..       1%          1    None
b - Sticks to Snakes      Trmt           ####......   1%          2    ##.....
c - Spider Form           Trmt/Pois      ###.......   12%         3    ###....
d - Ice Form              Ice/Trmt       ###.....     34%         4    ####...
e - Ozocubu's Armour      Chrm/Ice       #.......     34%         3    ###....


Dungeon Overview and Level Annotations

Branches:
Dungeon (7/15)             Temple (0/1) D:7

Altars:
Dithmenos
Fedhas
Gozag
Okawaru
Trog
Vehumet
Xom
Yredelemnul

Shops:
D:5 ?%??   D:7 %


Innate Abilities, Weirdness & Mutations

You can breathe blasts of fire.
Your fiery red scales are hard (AC +6).
Your body does not fit into most forms of armour.
Your flesh is heat resistant.
You are cold-blooded and may be slowed by cold attacks.
You have claws for feet.


Message History

The gargoyle hits you with a flail!!
You hit the gargoyle but do no damage.
You claw the gargoyle, but do no damage.
Your tail-slap misses the gargoyle.
You punch the gargoyle, but do no damage.
The gargoyle is moderately damaged.
You hit the gargoyle but do no damage.
The gargoyle is moderately damaged.
The gargoyle hurls a stone arrow at you.
The stone arrow hits you!
* * * LOW HITPOINT WARNING * * *
Read which item? (? for menu, Esc to quit)
As you read the scroll of teleportation, it crumbles to dust.
You feel strangely unstable. The gargoyle hits you with a flail.
* * * LOW HITPOINT WARNING * * *
Drink which item? (? for menu, Esc to quit)
You feel better.
The gargoyle hurls a stone arrow at you.
The stone arrow hits you!
You die...

#.####.#.# #. #.# #....#
#. #.# #....# .. #.#
#....# #. #.###.##.# #
#. #........### ####.
####.<#####.
.≈#....########...####..
......9@........÷....'..
♣...###########...####..
. #...# ##. #.### ## #.#
# ####.# ###....#
#......#####
#..........#


You could see a gargoyle.

Vanquished Creatures
  A steam dragon (D:7)
  4 phantoms
  2 ogres
  A big kobold (D:6)
  3 giant frogs (D:6)
  3 crimson imps
  A hound (D:7)
  A centaur skeleton (D:4)
  2 jellies (D:5)
  4 orc wizards
  5 orc priests
  Terence (D:3)
  An iguana (D:6)
  6 worker ants
  A hound zombie (D:6)
  2 hound skeletons (D:6)
  12 adders
  3 shadow imps
  2 oozes
  An adder zombie (D:7)
  6 worms
  An adder skeleton (D:5)
  5 giant geckos
  16 orcs
  11 ball pythons
  7 bats
  5 goblins
  8 hobgoblins
  14 jackals
  A quokka (D:6)
  2 giant cockroaches
  3 giant newts
  24 kobolds
  A quokka skeleton (D:7)
  6 rats
  A plant (D:6)
167 creatures vanquished.

Vanquished Creatures (collateral kills)
  A scorpion (D:5)
1 creature vanquished.

Vanquished Creatures (others)
  A quokka (D:7)
1 creature vanquished.

Grand Total: 169 creatures vanquished

Notes
Turn   | Place    | Note
--------------------------------------------------------------
     0 | D:1      | HungrySpirit the Draconian Transmuter began the quest for the Orb.
     0 | D:1      | Reached XP level 1. HP: 16/16 MP: 3/3
   313 | D:1      | Reached XP level 2. HP: 23/23 MP: 3/5
   576 | D:2      | Found a shimmering altar of Xom.
   800 | D:2      | Reached XP level 3. HP: 23/28 MP: 4/6
   929 | D:2      | Learned a level 2 spell: Sticks to Snakes
   933 | D:2      | Learned a level 3 spell: Spider Form
  1459 | D:2      | Reached XP level 4. HP: 35/35 MP: 7/7
  2034 | D:3      | Reached skill level 4 in Unarmed Combat
  2075 | D:3      | Noticed Terence
  2081 | D:3      | Reached XP level 5. HP: 40/40 MP: 5/9
  2117 | D:3      | Killed Terence
  2130 | D:3      | Found an iron altar of Okawaru.
  3302 | D:4      | Learned a level 4 spell: Ice Form
  3380 | D:4      | Reached XP level 6. HP: 47/47 MP: 10/10
  3624 | D:4      | Noticed a phantom
  3652 | D:4      | Killed a phantom
  3652 | D:4      | Reached skill level 5 in Unarmed Combat
  3816 | D:4      | Noticed a phantom
  3869 | D:4      | Killed a phantom
  3869 | D:4      | Reached skill level 5 in Transmutations
  3869 | D:4      | Your scales start taking on a fiery red colour.
  3869 | D:4      | Gained mutation: Your flesh is heat resistant. [Red Draconian growth]
  3869 | D:4      | Reached XP level 7. HP: 26/52 MP: 12/12
  4252 | D:4      | Noticed an ogre
  4258 | D:4      | Killed an ogre
  4294 | D:5      | Entered Level 5 of the Dungeon
  4319 | D:5      | Found a radiant altar of Vehumet.
  4410 | D:5      | Found Zoplav's Magic Scroll Boutique.
  4418 | D:5      | Bought a scroll of teleportation for 33 gold pieces
  4418 | D:5      | Bought a scroll of fear for 38 gold pieces
  4418 | D:5      | Bought a scroll of identify for 22 gold pieces
  4418 | D:5      | Bought a scroll of remove curse for 33 gold pieces
  4418 | D:5      | Bought a scroll of silence for 82 gold pieces
  4676 | D:5      | Found Ketzoit's Magic Scroll Shop.
  4682 | D:5      | Bought a scroll of fog for 24 gold pieces
  4682 | D:5      | Bought a scroll of magic mapping for 42 gold pieces
  4698 | D:5      | Reached skill level 6 in Unarmed Combat
  4987 | D:5      | Learned a level 3 spell: Ozocubu's Armour
  5039 | D:5      | Found Arol's Food Shop.
  5157 | D:5      | Found a basalt altar of Yredelemnul.
  5159 | D:5      | Found a blossoming altar of Fedhas.
  5610 | D:5      | Found Kunkyek's Magic Scroll Shop.
  5641 | D:5      | Reached XP level 8. HP: 59/59 MP: 7/14
  5973 | D:6      | Reached skill level 1 in Charms
  6358 | D:6      | Reached skill level 7 in Unarmed Combat
  6970 | D:6      | Found an opulent altar of Gozag.
  7770 | D:7      | Found a shadowy altar of Dithmenos.
  7889 | D:7      | Found Riehirphu's Food Emporium.
  7947 | D:7      | Found a bloodstained altar of Trog.
  8120 | D:7      | Found a staircase to the Ecumenical Temple.
  8149 | D:7      | Noticed a gargoyle
  8175 | D:7      | Killed from afar by a gargoyle

Action                   |  1- 3 |  4- 6 |  7- 9 || total
-------------------------+-------+-------+-------++-------
Melee: Unarmed           |   112 |   238 |   373 ||   723
 Cast: Beastly Appendage |    17 |    21 |    29 ||    67
       Spider Form       |       |     2 |    11 ||    13
       Sticks to Snakes  |       |       |     6 ||     6
       Ozocubu's Armour  |       |       |     1 ||     1
 Abil: Breathe Fire      |       |       |     2 ||     2
  Use: Potion            |       |       |     2 ||     2
       Scroll            |       |       |     1 ||     1
 Stab: Sleeping          |     2 |     1 |     2 ||     5
  Eat: Chunk             |     2 |     9 |    14 ||    25
       Beef jerky        |       |       |     1 ||     1
